 Dungeon Crawl Stone Soup version 0.20-a0-16-g0876c8e (webtiles) character file.

560 FrankyJ the Skirmisher (level 7, -6/62 HPs)
             Began as a Hill Orc Monk on Nov 4, 2016.
             Was a Believer of Beogh.
             Splashed by a jelly's acid (7 damage)
             ... on level 5 of the Dungeon.
             The game lasted 00:09:46 (4961 turns).

FrankyJ the Skirmisher (Hill Orc Monk)              Turns: 4961, Time: 00:09:47

Health: -6/62      AC: -8    Str: 16    XL:     7   Next: 31%
Magic:  7/7        EV: 13    Int: 10    God:    Beogh [**....]
Gold:   210        SH:  5    Dex: 13    Spells: 0 memorised, 6 levels left

rFire  x . .     SeeInvis .     a - +0 hand axe
rCold  + . .     Gourm    .     E - +0 leather armour
rNeg   . . .     Faith    .     v - +0 buckler
rPois  .         Spirit   .     (no helmet)
rElec  .         Reflect  .     y - +0 cloak
rCorr  .         Harm     .     x - +0 pair of gloves
MR     .....                    D - +0 pair of boots
Stlth  ++........               (no amulet)
                                (no ring)
                                A - ring of ice

@: corroded
A: no striking features
a: Smiting, Renounce Religion


You were on level 5 of the Dungeon.
You worshipped Beogh.
Beogh was pleased with you.
You were near starving.

You visited 1 branch of the dungeon, and saw 6 of its levels.

You collected 210 gold pieces.

Inventory:

Hand Weapons
 a - a +0 hand axe (weapon)
 m - a +2 dagger of venom
Missiles
 o - 5 javelins of penetration (quivered)
 I - 6 poisoned needles
Armour
 d - a +0 plate armour
 v - a +0 buckler (worn)
 w - a +0 ring mail
 x - a +0 pair of gloves (worn)
 y - a +0 cloak (worn)
 D - a +0 pair of boots (worn)
 E - a +0 leather armour (worn)
 J - the +4 ring mail "Iklil Hyz" {rF+ rC+++ rCorr MP-9}
   (You found it on level 6 of the Dungeon)

   It protects you from fire.
   It renders you almost immune to cold.
   It affects your magic capacity (-9).
   It protects you from acid and corrosion.
 K - a +0 helmet
Jewellery
 A - a ring of ice (left hand)
Wands
 z - a wand of polymorph (9/24)
Scrolls
 b - a scroll of remove curse
 e - a scroll of fear {unknown}
 f - a scroll of fog {unknown}
 g - 4 scrolls of identify {unknown}
 i - 6 scrolls of enchant armour {unknown}
 k - 2 scrolls of teleportation {unknown}
 t - 4 scrolls of noise {unknown}
 B - a scroll of magic mapping {unknown}
 F - a scroll of recharging {unknown}
 H - a scroll of immolation {unknown}
Potions
 h - 2 potions of might {unknown}
 j - 2 potions of curing {unknown}
 l - a potion of berserk rage {unknown}
 n - a potion of mutation {unknown}
 p - a potion of cancellation {unknown}
 r - a potion of flight {unknown}
 s - 4 potions of haste {unknown}
 u - a potion of cure mutation {unknown}
 G - 2 potions of invisibility {unknown}
Comestibles
 c - 7 bread rations
 q - 8 fruits
 C - 2 meat rations


   Skills:
 + Level 5.9 Fighting
 + Level 5.0 Axes
 + Level 3.8 Armour
 - Level 3.3 Dodging
 - Level 1.5 Stealth
 + Level 3.7 Shields


You had 6 spell levels left.
You didn't know any spells.

Dungeon Overview and Level Annotations

Branches:
Dungeon (6/15)
 Temple: D:4-7

Altars:
Elyvilon
Okawaru
Yredelemnul

Annotations:
D:6 Blork the orc


Message History

* * * LOW HITPOINT WARNING * * *
The jelly is moderately wounded.
You block the jelly's attack.
You barely miss the jelly.
The jelly is moderately wounded.
You block the jelly's attack.
You hit the jelly but do no damage. The acid corrodes you!
Your hands burn!
* * * LOW HITPOINT WARNING * * *
The jelly is moderately wounded.
The jelly completely misses you.
You completely miss the jelly.
The jelly is moderately wounded.
You block the jelly's attack.
You hit the jelly but do no damage.
Your hands burn!
* * * LOW HITPOINT WARNING * * *
The jelly is moderately wounded.
The jelly hits you.
* * * LOW HITPOINT WARNING * * *
You are splashed with acid!
The acid burns!
You die...

c...# . #.........
.#.##. #####.#### .....
####.#### #.#.#
#........ #(#.#
#.##.#### # ####)#.#
#.##..# # #.##....#.#
#.###.###
##.#...###.####........
+.....@................
####..J###########...##
##..# ####)## ##.#
#....# #.# #.#### #+#
#.# #.# #.# #.# #.# ##
#.# #.# #.# #.
#####.##########.# #.#
#.


You could see a jelly.

Vanquished Creatures
  An ogre (D:4)
  2 centaurs (D:5)
  A howler monkey (D:4)
  2 jellies
  A bullfrog skeleton (D:4)
  A centaur skeleton (D:4)
  7 adders
  2 oozes (D:3)
  An adder zombie (D:6)
  A worm (D:3)
  A dart slug (D:2)
  2 leopard geckos
  An orc (D:4)
  A ball python (D:1)
  3 giant cockroaches
  7 hobgoblins
  11 jackals
  9 kobolds
  A quokka (D:3)
  10 bats
  7 frilled lizards
  12 goblins
  3 rats (D:1)
  A spectral orc (D:2)
88 creatures vanquished.

Vanquished Creatures (others)
  A kobold (D:2)
1 creature vanquished.

Grand Total: 89 creatures vanquished

Notes
Turn   | Place    | Note
-------+----------+-------------------------------------------
     0 | D:1      | FrankyJ the Hill Orc Monk began the quest for the Orb.
     0 | D:1      | Reached XP level 1. HP: 19/19 MP: 1/1
   115 | D:1      | Reached XP level 2. HP: 22/27 MP: 2/2
   594 | D:2      | Reached XP level 3. HP: 25/33 MP: 3/3
  1276 | D:2      | Reached XP level 4. HP: 41/41 MP: 4/4
  1417 | D:2      | Found a basalt altar of Yredelemnul.
  1461 | D:2      | Found a white marble altar of Elyvilon.
  1494 | D:2      | Reached skill level 5 in Fighting
  2232 | D:3      | Reached skill level 1 in Armour
  2582 | D:3      | Reached XP level 5. HP: 48/48 MP: 5/5
  2835 | D:3      | Reached skill level 1 in Shields
  2983 | D:4      | Noticed an ogre
  2998 | D:4      | Killed an ogre
  3272 | D:4      | Reached XP level 6. HP: 47/56 MP: 6/6
  3512 | D:4      | Became a worshipper of Beogh the Brigand
  3512 | D:4      | Reached * piety under Beogh
  3512 | D:4      | Reached ** piety under Beogh
  3781 | D:4      | Found a faded altar of an unknown god.
  3781 | D:4      | Found a white marble altar of Elyvilon.
  3786 | D:4      | Found a faded altar of an unknown god.
  3788 | D:4      | Found a faded altar of an unknown god.
  3789 | D:4      | Found a faded altar of an unknown god.
  3938 | D:4      | You fall through a shaft for 2 floors!
  4199 | D:6      | Noticed Blork the orc
  4201 | D:6      | Got a faintly humming ring mail
  4207 | D:5      | Entered Level 5 of the Dungeon
  4219 | D:5      | Identified the +4 ring mail "Iklil Hyz" {rF+ rC+++ rCorr MP-9} (You found it on level 6 of the Dungeon)
  4331 | D:5      | Reached XP level 7. HP: 13/62 MP: 0/7
  4656 | D:5      | Reached skill level 5 in Axes
  4917 | D:5      | Found an iron altar of Okawaru.
  4961 | D:5      | HP: 1/62 [jelly (3)]
  4961 | D:5      | Splashed by a jelly's acid

Vault maps used:
D:1:      scummos_arrival_star
D:2:      yredelemnul_forgotten_temple_becter, elyvilon_altar_4
D:3:      first_bread
D:4:      chequers_temple_overflow_minitemple
D:5:      okawaru_gym_becter, grunt_temple_overflow_diamond, uniq_menkaure
D:6:      uniq_blork_the_orc

Skill      XL: |  1  2  3  4  5  6  7 |
---------------+----------------------+-----
Fighting       | 4 5 |  5.9
Dodging        | 3 |  3.3
Armour         | 1 2 3 |  3.8
Shields        | 2 3 |  3.7
Axes           | 5 |  5.0
Stealth        | |  1.5

Action                   |  1- 3 |  4- 6 |  7- 9 || total
-------------------------+-------+-------+-------++-------
Melee: Hand axe          |   128 |   254 |    23 ||   405
Invok: Convert to Beogh  |       |     1 |       ||     1
  Use: Scroll            |       |     1 |       ||     1
 Stab: Sleeping          |     4 |     5 |       ||     9
       Distracted        |       |     1 |       ||     1
  Eat: Chunk             |     1 |     9 |       ||    10
       Pizza             |       |       |     1 ||     1
Armor: Robe              |    33 |    29 |       ||    62
       Leather armour    |       |    31 |     5 ||    36
       Ring mail         |       |    15 |       ||    15
Dodge: Dodged            |   127 |   183 |    14 ||   324
Block: Buckler           |       |    19 |     5 ||    24
